 Dungeon Crawl Stone Soup version 0.19.5 (webtiles) character file.

171 straycat the Charmwright (level 5, 0/39 HPs)
             Began as a Vampire Skald on May 14, 2017.
             Slain by an orc priest (3 damage)
             ... on level 3 of the Dungeon.
             The game lasted 00:46:13 (5514 turns).

straycat the Charmwright (Vampire Skald)            Turns: 5514, Time: 00:46:14

Health: 0/39       AC:  0    Str: 12    XL:     5   Next: 26%
Magic:  6/8        EV: 20    Int: 14    God:
Gold:   136        SH:  0    Dex: 19    Spells: 1 memorised, 8 levels left

rFire  . . .     SeeInvis +       - Unarmed
rCold  . . .     Gourm    .     (armour currently unavailable)
rNeg   + . .     Faith    .     (shield currently unavailable)
rPois  .         Spirit   .     (helmet currently unavailable)
rElec  .         Reflect  .     (cloak currently unavailable)
rCorr  .         Harm     .     (gloves currently unavailable)
MR     .....                    (boots currently unavailable)
Stlth  ++++......               (no amulet)
                                (ring currently unavailable)
                                (ring currently unavailable)

@: bat-form, flying, very quick
A: fangs 3, see invisible, (unbreathing)
a: End Transformation


You were on level 3 of the Dungeon.
You were not thirsty.
You were in vampire-bat-form.
You visited 1 branch of the dungeon, and saw 3 of its levels.

You collected 136 gold pieces.

Inventory:

Hand Weapons
 f - a +0 club
 g - a +0 short sword
 h - a +0 dagger
 l - a cursed -2 whip
 u - a +0 spear
 x - a +0 hunting sling
 B - a +0 flail
Missiles
 d - 19 poisoned needles
 j - 81 stones (quivered)
 m - 33 arrows
 q - 46 bolts
 C - 2 curare-tipped needles
Armour
 a - a +1 leather armour (melded)
 z - a +0 centaur barding
 D - a +0 ring mail
Jewellery
 G - an uncursed amulet of faith {unknown}
Scrolls
 e - 2 scrolls of remove curse
 i - 2 scrolls of enchant weapon {unknown}
 k - 2 scrolls of identify
 n - 3 scrolls of random uselessness
 p - a scroll of recharging
 w - 2 scrolls of teleportation {unknown}
 y - a scroll of amnesia {unknown}
 F - a scroll of blinking {unknown}
 K - a scroll of fear {unknown}
Potions
 c - 15 potions of blood
 s - a potion of cure mutation {unknown}
 A - 2 potions of resistance
 H - a potion of agility {unknown}
 I - a potion of lignification {unknown}
 J - a potion of might {unknown}
Books
 b - a book of Battle

   Spells                             Type                      Level
   a - Infusion                       Charms                       1
   b - Shroud of Golubria             Charms/Translocation         2
   c - Song of Slaying                Charms                       2
   d - Spectral Weapon                Hexes/Charms                 3
   e - Regeneration                   Charms/Necromancy            3
Comestibles
 t - a meat ration
 v - 5 bread rations
 E - a slice of pizza


   Skills:
 * Level 2.5 Fighting
 + Level 1.5 Armour
 * Level 2.3 Dodging
 + Level 1.6 Stealth
 * Level 3.5 Unarmed Combat
 + Level 2.5 Spellcasting
 + Level 3.8 Charms


You had 8 spell levels left.
You knew the following spells:

 Your Spells              Type           Power        Failure   Level  Hunger
a - Infusion              Chrm           ##..         6%          1    #......


Dungeon Overview and Level Annotations

Branches:
Dungeon (3/15)

Altars:
Ashenzari


Innate Abilities, Weirdness & Mutations

You have razor-sharp teeth.
You have supernaturally acute eyesight. (SInv)
((You can survive without breathing.))


Message History

The orc priest misses you.
You hit the orc priest.
The orc priest is moderately wounded.
The orc priest closely misses you.
You hit the orc priest but do no damage.
Your bite misses the orc priest.
The orc priest is moderately wounded.
The orc priest mumbles some strange prayers to Beogh against you.
Beogh smites you!
* * * LOW HITPOINT WARNING * * *
You hit the orc priest but do no damage.
The orc priest is moderately wounded.
The orc priest hits you but does no damage.
It was a potion of cancellation.
You feel magically purged. The orc priest hits you.
* * * LOW HITPOINT WARNING * * *
You turn into a vampire bat.
Your +1 leather armour melds into your body.
The orc priest hits you.
You die...

#. ####.####.#
#.### #.# #.# #.).#
#.####.# #.#
#.##...# #.#
######.##.### #o#
#>.....##.# #.#
#.#######.# #.# #.#
#.# #.# #b# #.#
#o###o# #.#
#..#.o#######.#
#.............#
#.###.....###)#
##.#####_#####.#
#..###.....###.#
###..............#
##......#.........#


You could see an orc priest and an orc.

Vanquished Creatures
  A hound (D:3)
  2 adders
  An ooze (D:1)
  3 worms
  2 dart slugs (D:1)
  4 leopard geckos
  2 orcs (D:3)
  5 giant cockroaches
  17 goblins
  13 hobgoblins
  12 jackals
  4 kobolds
  4 quokkas
  2 ball pythons
  10 bats
  7 frilled lizards
  5 rats
94 creatures vanquished.

Notes
Turn   | Place    | Note
-------+----------+-------------------------------------------
     0 | D:1      | straycat the Vampire Skald began the quest for the Orb.
     0 | D:1      | Reached XP level 1. HP: 16/16 MP: 3/3
   517 | D:1      | Reached XP level 2. HP: 22/22 MP: 1/5
   778 | D:1      | Reached skill level 1 in Armour
  1401 | D:1      | Reached XP level 3. HP: 20/27 MP: 6/6
  2811 | D:2      | Reached XP level 4. HP: 13/33 MP: 7/7
  4853 | D:3      | Reached skill level 1 in Stealth
  4853 | D:3      | Reached XP level 5. HP: 27/39 MP: 2/8
  4989 | D:3      | Found a shattered altar of Ashenzari.
  5514 | D:3      | Slain by an orc priest

Skill      XL: |  1  2  3  4 |
---------------+-------------+-----
Armour         | 1 |  1.5
Fighting       | 2 |  2.5
Unarmed Combat | 3 |  3.5
Dodging        | 2 |  2.3
Stealth        | 1 |  1.6
Spellcasting   | |  2.5
Charms         | |  3.8

Action                   |  1- 3 |  4- 6 || total
-------------------------+-------+-------++-------
Melee: Unarmed           |   161 |   148 ||   309
       Bite              |    10 |    12 ||    22
       Punch             |       |     1 ||     1
Throw: Stone             |    83 |    72 ||   155
 Cast: Infusion          |    29 |    21 ||    50
 Abil: Bat Form          |       |     1 ||     1
  Use: Potion            |     6 |    15 ||    21
       Scroll            |     7 |       ||     7
Armor: Leather armour    |    44 |    31 ||    75
Dodge: Dodged            |    94 |    85 ||   179
